 Dungeon Crawl Stone Soup version 0.23-a0-269-g65e0026 (webtiles) character file.

32 mhoghedin the Bolt Thrower (level 3, -3/22 HPs)
             Began as a Kobold Hunter on Sept 30, 2018.
             Slain by Jessica
             ... wielding a +6 club
              (5 damage)
             ... on level 1 of the Dungeon.
             The game lasted 00:01:18 (685 turns).

mhoghedin the Bolt Thrower (Kobold Hunter)           Turns: 685, Time: 00:01:19

Health: -3/22      AC:  3    Str: 10    XL:     3   Next: 42%
Magic:  3/3        EV: 15    Int: 12    God:
Gold:   26         SH:  0    Dex: 15    Spells: 2/2 levels left

rFire    . . .     SeeInvis .   a - +1 hand crossbow
rCold    . . .     Gourm    .   (shield restricted)
rNeg     . . .     Faith    .   c - +0 leather armour
rPois    .         Spirit   .   (no helmet)
rElec    .         Reflect  .   (no cloak)
rCorr    .         Harm     .   (no gloves)
MR       .....                  (no boots)
Stlth    ++........             (no amulet)
HPRegen  0.07/turn              (no ring)
MPRegen  0.08/turn              (no ring)

@: no status effects
A: small, carnivore
a: no special abilities


You were on level 1 of the Dungeon.
You were not hungry.

You visited 1 branch of the dungeon, and saw 2 of its levels.

You collected 26 gold pieces.

Inventory:

Hand Weapons
 a - a +1 hand crossbow (weapon)
 b - a +0 short sword
Missiles
 d - 10 bolts (quivered)
Armour
 c - a +0 leather armour (worn)
Jewellery
 i - an uncursed ring of protection from magic {unknown}
   (You found it on level 1 of the Dungeon)
Scrolls
 g - 3 scrolls of identify {unknown}
 h - a scroll of amnesia {unknown}
 j - a scroll of remove curse {unknown}
 l - a scroll of enchant armour {unknown}
Potions
 e - a potion of might {unknown}
 k - a potion of berserk rage {unknown}
 m - a potion of magic {unknown}
Comestibles
 f - a ration


   Skills:
 - Level 2.8 Fighting
 + Level 0.4 Short Blades
 - Level 5.2 Crossbows
 - Level 3.1 Dodging
 - Level 1.3 Stealth


You had 2 spell levels left.
You didn't know any spells.
Your spell library was empty.

Dungeon Overview and Level Annotations

Branches:
Dungeon (2/15)

Altars:

Annotations:
D:1 Jessica


Innate Abilities, Weirdness & Mutations

You are small and have problems with some larger weapons.
You are carnivorous and can eat meat at any time.


Message History

There is a stone staircase leading down here.
You climb downwards.
A hobgoblin, 2 kobolds and Jessica come into view.
Found a shiny gilded ring.
Found three stone staircases leading down.
There is a stone staircase leading up here.
Firing (i - inventory)
d - 15 bolts (quivered)
Aim: Jessica, wielding an enchanted club and wearing a robe (resting)
You shoot a bolt.
The bolt hits Jessica but does no damage.
The hobgoblin shouts!
The kobold shouts!
Jessica gestures wildly while chanting.
Jessica blinks!
You climb upwards.
There is a stone staircase leading down here.
Wield which item (- for none, * to show all)? (? for menu, Esc to quit)
b - a +0 short sword (weapon)
You climb downwards.
Level annotation: Jessica The hobgoblin misses you.
The kobold hits you but does no damage.
There is a stone staircase leading up here.
There are no items here.
There are no items here.
The hobgoblin hits you but does no damage.
The kobold hits you but does no damage.
You climb upwards.
There is a stone staircase leading down here.
The kobold hits you with a dagger. The hobgoblin misses you.
You take 1 damage, and have 21/22 hp.
The hobgoblin barely misses you.
Health restored: 22 You hit the hobgoblin.
The hobgoblin completely misses you.
You closely miss the hobgoblin. The hobgoblin misses you.
You completely miss the hobgoblin. The hobgoblin closely misses you.
You barely miss the hobgoblin. The hobgoblin misses you.
You closely miss the hobgoblin. The hobgoblin completely misses you.
You hit the hobgoblin but do no damage.
The hobgoblin hits you but does no damage.
You hit the hobgoblin. The hobgoblin barely misses you.
You hit the hobgoblin.
You kill the hobgoblin!
You hit the kobold. The kobold hits you but does no damage.
You closely miss the kobold. The kobold misses you.
You completely miss the kobold. The kobold closely misses you.
You hit the kobold. The kobold hits you but does no damage.
You hit the kobold but do no damage. The kobold closely misses you.
You closely miss the kobold. The kobold hits you with a dagger. x2
You take 3 damage, and have 19/22 hp.
You barely miss the kobold. The kobold barely misses you.
You closely miss the kobold. The kobold hits you but does no damage.
You hit the kobold but do no damage. The kobold hits you with a dagger.
You take 1 damage, and have 18/22 hp.
You barely miss the kobold. The kobold closely misses you.
You closely miss the kobold. The kobold barely misses you.
You hit the kobold.
You kill the kobold!
You start resting.
Health restored: 22
Things that are here:
a dagger; a club; a hobgoblin corpse
There is a stone staircase leading down here.
You climb downwards.
Level annotation: Jessica Jessica hits you but does no damage.
Jessica barely misses you.
There is a stone staircase leading up here.
Jessica closely misses you.
You climb upwards.
There is a stone staircase leading down here.
You hit Jessica but do no damage. Jessica barely misses you.
You barely miss Jessica.
Jessica hits you with an enchanted club!
You take 9 damage, and have 13/22 hp.
MASSIVE DAMAGE!!
a - a +1 hand crossbow (weapon)
Firing (i - inventory)
d - 14 bolts (quivered)
Aim: Jessica, wielding an enchanted club and wearing a robe You shoot a bolt.
The bolt hits Jessica but does no damage.
Jessica closely misses you.
Firing (i - inventory)
d - 13 bolts (quivered)
Aim: Jessica, wielding an enchanted club and wearing a robe You shoot a bolt.
The bolt barely misses Jessica.
Jessica hits you with an enchanted club!
* * * LOW HITPOINT WARNING * * *
You take 7 damage, and have 6/22 hp.
MASSIVE DAMAGE!!
Firing (i - inventory)
d - 12 bolts (quivered)
Aim: Jessica, wielding an enchanted club and wearing a robe You shoot a bolt.
The bolt barely misses Jessica.
Jessica hits you with an enchanted club.
* * * LOW HITPOINT WARNING * * *
You take 4 damage, and have 2/22 hp.
Firing (i - inventory)
d - 11 bolts (quivered)
Aim: Jessica, wielding an enchanted club and wearing a robe You shoot a bolt.
The bolt hits Jessica but does no damage.
Jessica gestures wildly while chanting.
Jessica seems to speed up.
Jessica hits you with an enchanted club.
You die...

..............##.....#
#...#
.......####...##.....#
#####.# .......#
#....#.....# #...#.#
..(....####....#.##'##
#.#...#
..........###....##.#
#...### ..........#
#(#....รท# ###.#
..........#
#....#######...#
#######...#
##.@.##....#.### #...#
#..@##.#.##.# #...#
#.####.#....# #...#
#...)..######
#######...####..#####
..##.##...##.##.#
#.#...#####...#.#
#...8.......8...#
..#...#####...#.#
.###.## ##.##.#


You could see Jessica.

Vanquished Creatures
  2 leopard geckos (D:1)
  2 bats (D:1)
  A giant cockroach (D:1)
  5 goblins (D:1)
  3 hobgoblins (D:1)
  6 jackals (D:1)
  A ball python (D:1)
  4 kobolds (D:1)
24 creatures vanquished.

Notes
Turn   | Place    | Note
-------+----------+-------------------------------------------
     0 | D:1      | mhoghedin the Kobold Hunter began the quest for the Orb.
     0 | D:1      | Reached XP level 1. HP: 12/12 MP: 1/1
    20 | D:1      | Reached skill level 5 in Crossbows
    20 | D:1      | Reached XP level 2. HP: 18/18 MP: 2/2
   196 | D:1      | Reached skill level 3 in Dodging
   226 | D:1      | Reached XP level 3. HP: 20/22 MP: 3/3
   584 | D:2      | Noticed Jessica
   684 | D:1      | HP: 2/22 [Jessica/enchanted club (4)]
   685 | D:1      | Slain by Jessica

Vault maps used:
D:1:      dpeg_arrival_pond, minmay_misc_feat_tower
D:2:      uniq_jessica, uniq_sigmund

Skill      XL: |  1  2 |
---------------+-------+-----
Crossbows      | 5 |  5.2
Dodging        | 3 |  3.1
Fighting       | |  2.8
Short Blades   | |  0.4
Stealth        | |  1.3

Action                   || total
-------------------------++-------
Melee: Short sword       ||    22
 Fire: Hand crossbow     ||    50
Armor: Leather armour    ||     4
Dodge: Dodged            ||    27

Table legend:
 A = Non-vault XP
 B = Vault XP
 C = Vault XP percentage of total XP
 D = Non-vault monster count
 E = Vault monster count
 F = Vault count percentage of total count
                 A         B        C        D         E       F
            +---------+---------+-------+---------+---------+-------
      Total |      46 |       0 |   0.0 |      24 |       0 |   0.0
            +---------+---------+-------+---------+---------+-------
        D:1 |      46 |       0 |   0.0 |      24 |       0 |   0.0
            +---------+---------+-------+---------+---------+-------

Vault maps used:
D:1:      dpeg_arrival_pond, minmay_misc_feat_tower
D:2:      uniq_jessica, uniq_sigmund

Table legend:
 A = Turns spent in this place as a percentage of turns spent in the entire game.
 B = Non-inter-level travel turns spent in this place as a percentage of non-inter-level travel turns spent in the entire game.
 C = Inter-level travel turns spent in this place as a percentage of turns spent in this place.
 D = Turns resting spent in this place as a percentage of non-inter-level travel turns spent in this place.
 E = Turns spent auto-exploring this place as a percentage of non-inter-level travel turns spent in this place.
 F = Non-inter-level travel turns spent in this place divided by the number of levels of this place that you've seen.
                   A       B       C       D       E      F
               +-------+-------+-------+-------+-------+----------------------
         Total | 100.0 | 100.0 |   2.5 |   7.0 |  73.8 | 334.0
       Dungeon | 100.0 | 100.0 |   2.5 |   7.0 |  73.8 | 334.0
               +-------+-------+-------+-------+-------+----------------------

Table legend:
 A = Kills in this place as a percentage of kills in entire the game.
 B = Kills by you in this place as a percentage of kills by you in the entire game.
 C = Kills by friends in this place as a percentage of kills by friends in the entire game.
 D = Other kills in this place as a percentage of other kills in the entire game.
 E = Experience gained in this place as a percentage of experience gained in the entire game.
 F = Experience gained in this place divided by the number of levels of this place that you have seen.
                   A       B       C       D       E      F
               +-------+-------+-------+-------+-------+----------------------
         Total | 100.0 | 100.0 |   N/A |   N/A | 100.0 |  23.0
       Dungeon | 100.0 | 100.0 |   N/A |   N/A | 100.0 |  23.0
               +-------+-------+-------+-------+-------+----------------------
